 Dungeon Crawl Stone Soup version 0.30-a0-857-gcaf70739d4 (webtiles) character file.

Game seed: 7002120432281475147

19 cheesebisquit the Grave Robber (level 2, -4/19 HPs)
             Began as a Mummy Necromancer on Mar 5, 2023.
             Slain by Jessica
             ... wielding a +2 dagger of venom
              (7 damage)
             ... on level 2 of the Dungeon.
             The game lasted 00:05:02 (1400 turns).

cheesebisquit the Grave Robber (Mummy Necromancer)  Turns: 1400, Time: 00:05:03

Health: -4/19      AC:  3    Str: 11    XL:     2   Next: 55%
Magic:  0/6        EV: 12    Int: 14    God:
Gold:   40         SH:  0    Dex: 12    Spells: 6/7 levels left

rFire   x . .      SeeInvis .    (no weapon)
rCold   + . .      Faith    +    (no shield)
rNeg    + + +      Spirit   .    a - +0 robe
rPois   ∞          Reflect  .    e - +0 helmet
rElec   .          Rampage  .    (no cloak)
rCorr   .                        (no gloves)
Will    .....                    (no boots)
Stlth   ++                       (no amulet)
HPRegen 0.23/turn                (no ring)
MPRegen 0.10/turn                (no ring)

@: no status effects
A: cold resistance 1, negative energy resistance 3, torment resistance 2, heat
vulnerability 1, no potions, faith
a: no special abilities


You were on level 2 of the Dungeon.
You visited 1 branch of the dungeon, and saw 2 of its levels.

You collected 40 gold pieces.

Inventory:

Hand Weapons
 d - a +0 club
 g - a +0 sling
 h - a +0 dagger
Missiles
 i - 3 stones
Armour
 a - a +0 robe (worn)
 e - a +0 helmet (worn)
Scrolls
 c - a scroll of noise
 f - a scroll of identify


   Skills:
 - Level 1.5 Dodging
 - Level 1.5 Stealth
 + Level 3.4 Spellcasting
 + Level 4.4 Necromancy


You had 6 spell levels left.
You knew the following spells:

 Your Spells              Type           Power      Damage    Failure   Level
a - Necrotise             Necr           56%        1d6       3%          1

Your spell library contained the following spells:

 Spells                   Type           Power      Damage    Failure   Level
 Vampiric Draining        Necr           14%        2d7       10%         3
 Slow                     Hex            8%         N/A       21%         1
 Animate Dead             Necr           14%        N/A       32%         4
 Confusing Touch          Hex            2%         N/A       52%         3
 Agony                    Necr           14%        N/A       67%         5
 Borgnjor's Vile Clutch   Necr/Erth      4%         N/A       93%         5
 Death Channel            Necr           7%         N/A       99%         6


Dungeon Overview and Level Annotations

Branches:
Dungeon (2/15)

Altars:

Shops:
D:1 [

Annotations:
D:2 Jessica


Innate Abilities, Weirdness & Mutations

You are immune to poison.
Your flesh is cold resistant. (rC+)
You are immune to negative energy. (rN+++)
You are immune to unholy pain and torment.
You are vulnerable to heat. (rF-)
You do not drink.
You have a special connection with the divine. (Faith)


Message History

Jessica blinks!
The bat writhes in agony.
You kill the bat!
The dead are flying!
Jessica hits your bat skeleton with a +2 dagger of venom!
Your bat skeleton is destroyed!
Jessica casts a spell.
Jessica blinks!
Jessica writhes in agony.
Jessica writhes in agony.
You feel yourself speed up.
Jessica hits you with a +2 dagger of venom!
Jessica hits you with a +2 dagger of venom.
You can't drink.
Okay, then.
You barely miss Jessica.
Jessica is severely wounded.
Jessica hits you with a +2 dagger of venom.
As you read the scroll labelled PACENA JAZXU, it crumbles to dust.
You hear a loud clanging noise!
It was a scroll of noise.
You hear an angry hiss. x2
Jessica hits you with a +2 dagger of venom.
* * * LOW HITPOINT WARNING * * *
As you read the scroll labelled DUQIPP WOLLURA, it crumbles to dust.
It is a scroll of identify.
b - a scroll of fog Jessica gestures wildly while chanting.
Jessica seems to speed up.
You are too injured to fight recklessly!
Aiming: Necrotise (safe; 3% risk of failure)
Press: ? - help, Q - select action, (/) - cycle Shift-Dir - straight line, f/p - Jessica
Aim: Jessica, wielding a +2 dagger of venom and wearing a +0 robe (severely wounded, fast, chance to affect: 78%) Jessica writhes in agony.
Jessica grins evilly.
Jessica misses you.
As you read the scroll of fog, it crumbles to dust.
The scroll dissolves into smoke.
Jessica hits you but does no damage.
Jessica hits you with a +2 dagger of venom!
You die...

.. #.# #. #.# #.
#.# #b #.# #. #.#
#. #.#
#.########.#
#..§§@@§..#
#.########.# #.
####.#### #.
#.......#########
#.
#........<.......
#.
#...#.#.#########
#. #......... #.
.........###
..........#


You could see Jessica (fast).

Vanquished Creatures
  A dart slug (D:1)
  An endoplasm (D:1)
  A giant cockroach (D:1)
  A goblin (D:1)
  3 hobgoblins (D:1)
  3 ball pythons (D:1)
  2 bats
  A frilled lizard (D:1)
  2 kobolds (D:1)
  3 rats (D:1)
18 creatures vanquished.

Vanquished Creatures (others)
  3 plants (D:1)
3 creatures vanquished.

Grand Total: 21 creatures vanquished

Notes
Turn   | Place    | Note
-------+----------+-------------------------------------------
     0 | D:1      | cheesebisquit the Mummy Necromancer began the quest for the
                  | Orb.
     0 | D:1      | Reached XP level 1. HP: 13/13 MP: 4/4
   378 | D:1      | Reached XP level 2. HP: 19/19 MP: 0/6
   456 | D:1      | Found a faded altar of an unknown god.
   676 | D:1      | Found Daulel's Antique Armour Shoppe.
  1373 | D:2      | Noticed Jessica
  1400 | D:2      | Slain by Jessica

Illustrated notes

Levels and vault maps discovered:
D:1:      dpeg_arrival_court, layout_basic, serial_shops, shop,
          shapermc_ecumenical_altar_rom_forum, chequers_serial_rivers_micro_d
D:2:      layout_loops_ring, serial_shops, nicolae_square_shop,
          uniq_crazy_yiuf_cottage, uniq_jessica

Skill      XL: |  1 |
---------------+----+-----
Spellcasting   | 3 |  3.4
Dodging        | |  1.5
Stealth        | |  1.5
Necromancy     | |  4.4

Action                     || total
---------------------------++-------
  Melee: Unarmed           ||    14
   Cast: Necrotise         ||    45
    Use: Scroll            ||     3
 Armour: Robe              ||     6
  Dodge: Dodged            ||    24

Table legend: (Time is in decaauts)
 A = Elapsed time spent in this place.
 B = Non-inter-level travel time spent in this place.
 C = Inter-level travel time spent in this place.
 D = Time resting spent in this place.
 E = Time spent auto-exploring this place.
 F = Levels seen in this place.
 G = Mean time per level.
                   A        B        C        D        E       F      G
               +--------+--------+--------+--------+--------+-----+--------+
         Total |   1405 |   1198 |    207 |      0 |   1054 |   2 |  702.5 |
       Dungeon |   1405 |   1198 |    207 |      0 |   1054 |   2 |  702.5 |
               +--------+--------+--------+--------+--------+-----+--------+

Top non-repeatable levels by time:
     D:1: 1356 daAuts
     D:2: 49 daAuts
